 Dungeon Crawl Stone Soup version 0.29-a0-559-g359e09b9d1 (webtiles) character file.

Game seed: 10609010625823454005

1274 vulpzor the Magician (level 8, -9/41 HPs)
             Began as a Deep Elf Conjurer on June 11, 2022.
             Was a Follower of the Shining One.
             Mangled by a yak (10 damage)
             ... on level 6 of the Dungeon.
             The game lasted 00:19:58 (5004 turns).

vulpzor the Magician (Deep Elf Conjurer)            Turns: 5004, Time: 00:19:59

Health: -9/41      AC:  3    Str:  4    XL:     8   Next: 28%
Magic:  8/20       EV: 14    Int: 26    God:    the Shining One [*.....]
Gold:   186        SH:  0    Dex: 13    Spells: 8/21 levels left

rFire   . . .      SeeInvis +   q - +0 short sword (venom)
rCold   . . .      Faith    .   (no shield)
rNeg    . . .      Spirit   .   a - +0 robe
rPois   .          Reflect  .   (no helmet)
rElec   .          Harm     .   (no cloak)
rCorr   .          Rampage  .   y - +0 pair of gloves
Will    .....                   (no boots)
Stlth   ++........              t - amulet of regeneration
HPRegen 0.93/turn               o - ring of see invisible
MPRegen 0.17/turn               w - ring of wizardry

@: glowing
A: no striking features
a: Renounce Religion, Divine Shield


You were on level 6 of the Dungeon.
You worshipped the Shining One.
The Shining One was aware of your devotion.
You visited 2 branches of the dungeon, and saw 7 of its levels.

You collected 195 gold pieces.
You donated 9 gold pieces to Zin.

Inventory:

Hand Weapons
 d - a +0 dagger
 q - a +0 short sword of venom (weapon)
Missiles
 c - 76 stones
 g - a throwing net
Armour
 a - a +0 robe (worn)
 y - a +0 pair of gloves (worn)
Magical Staves
 k - a staff of poison
Jewellery
 o - a ring of see invisible (left hand)
 t - an amulet of regeneration (around neck)
 w - a ring of wizardry (right hand)
Scrolls
 h - a scroll of blinking {unknown}
 i - 3 scrolls of enchant weapon {unknown}
 n - 6 scrolls of identify {unknown}
 p - a scroll of torment {unknown}
 s - 2 scrolls of silence {unknown}
 v - a scroll of teleportation {unknown}
Potions
 b - a potion of magic
 f - 2 potions of brilliance {unknown}
 j - 3 potions of heal wounds {unknown}
 l - 7 potions of curing {unknown}
 m - a potion of might {unknown}
 r - a potion of invisibility {unknown}
 u - a potion of flight {unknown}
 x - a potion of lignification {unknown}
 z - a potion of degeneration {unknown}
 A - a potion of ambrosia {unknown}


   Skills:
 + Level 6.4 Dodging
 + Level 7.0 Stealth
 + Level 7.2 Spellcasting
 + Level 7.0 Conjurations


You had 8 spell levels left.
You knew the following spells:

 Your Spells              Type           Power      Damage    Failure   Level
a - Magic Dart            Conj           100%       1d8       1%          1
b - Searing Ray           Conj           92%        2d7       1%          2
c - Iskenderun's Mystic   Conj/Tloc      27%        2d7       6%          4
d - Dazzling Flash        Conj/Hex       54%        N/A       1%          3
e - Stone Arrow           Conj/Erth      54%        3d10      1%          3

Your spell library contained the following spells:

 Spells                   Type           Power      Damage    Failure   Level
 Sandblast                Erth           18%        2d7       2%          1
 Passwall                 Tmut/Erth      7%         N/A       4%          2
 Fulminant Prism          Conj/Hex       13%        3d9       6%          4
 Irradiate                Conj/Tmut      13%        3d17      16%         5
 Blade Hands              Tmut           4%         N/A       52%         5
 Dragon Form              Tmut           4%         N/A       100%        7


Dungeon Overview and Level Annotations

Branches:
Dungeon (6/15)             Temple (1/1) D:4

Altars:
Cheibriados
Dithmenos
Fedhas
Gozag
Hepliaklqana
Kikubaaqudgha
Makhleb
Nemelex Xobeh
Okawaru
Sif Muna
Trog
Uskayaw
Vehumet
Wu Jian
Xom
Yredelemnul
Zin
The Shining One


Message History

The searing ray hits the yak!
The yak is almost dead.
The searing ray hits the yak!
The yak is moderately wounded.
The searing ray hits the yak.
The yak is lightly wounded. (Press . to maintain the ray.)
The yak barely misses you.
The searing ray hits the yak!
You kill the yak!
The searing ray hits the yak.
The yak is moderately wounded.
The searing ray hits the yak!
The yak is heavily wounded.
Your Stealth skill increases to level 7!
Your Spellcasting skill increases to level 7!
Your Conjurations skill increases to level 7!
The searing ray hits the yak.
The yak is heavily wounded.
The searing ray hits the yak!
The yak is severely wounded.
The searing ray hits the yak.
The yak is lightly wounded.
The yak gores you.
The searing ray hits the yak.
The yak is severely wounded.
The searing ray hits the yak!
The yak is moderately wounded.
You finish channelling your searing ray.
The yak closely misses you. The yak gores you!
Unknown command.
The yak attacks as you move away! The yak gores you.
There is a stone staircase leading down here.
You can't go up here!
The air fills with toxic fumes!
As you read the scroll labelled YCIEWES YKORAX, it crumbles to dust.
It was a scroll of poison.
The yak gores you!
* * * LOW HITPOINT WARNING * * *
The yak gores you!
You die...

#. ... #§
#§§
####§##§#
§§§§§§§§#
§§#§§§§§#
§§§§§§§§##
§§§§§§§Y§#
§§§§§§§YY#
§§§§§§§@§#
§§§§§§§§##
§§##§§§##
# ####


You could see 3 yaks.

Vanquished Creatures
  A wyvern (D:5)
  A yak (D:6)
  2 ogres (D:5)
  2 black bears (D:5)
  A phantom (D:5)
  A scorpion (D:5)
  A howler monkey (D:5)
  A jelly (D:4)
  An orc priest (D:5)
  3 hounds (D:5)
  An iguana (D:6)
  An orc wizard (D:5)
  8 adders
  11 gnolls
  2 white imps (D:5)
  5 dart slugs
  5 orcs
  5 endoplasms
  3 giant cockroaches
  6 goblins
  6 hobgoblins
  4 jackals (D:1)
  4 quokkas
  5 ball pythons
  8 bats
  3 frilled lizards
  5 kobolds
  2 rats
98 creatures vanquished.

Vanquished Creatures (others)
  2 fungi (D:1)
  A plant (D:4)
3 creatures vanquished.

Grand Total: 101 creatures vanquished

Notes
Turn   | Place    | Note
-------+----------+-------------------------------------------
     0 | D:1      | vulpzor the Deep Elf Conjurer began the quest for the Orb.
     0 | D:1      | Reached XP level 1. HP: 10/10 MP: 6/6
   179 | D:1      | Reached XP level 2. HP: 15/15 MP: 0/8
   348 | D:1      | Found a faded altar of an unknown god.
   390 | D:1      | Prayed at the altar of an unknown god.
   390 | D:1      | Became a worshipper of Zin the Law-Giver
   390 | D:1      | Reached * piety under Zin
  1001 | D:2      | Reached XP level 3. HP: 19/19 MP: 8/10
  1425 | D:2      | Reached XP level 4. HP: 24/24 MP: 8/11
  1441 | D:2      | Reached skill level 5 in Conjurations
  2179 | D:3      | Learned a level 2 spell: Searing Ray
  2184 | D:3      | Learned a level 4 spell: Iskenderun's Mystic Blast
  2188 | D:3      | Learned a level 3 spell: Dazzling Flash
  2320 | D:3      | Reached ** piety under Zin
  2379 | D:3      | Reached XP level 5. HP: 28/28 MP: 7/13
  3128 | D:4      | Found a sparkling altar of Nemelex Xobeh.
  3202 | D:4      | Found a staircase to the Ecumenical Temple.
  3215 | Temple   | Entered the Ecumenical Temple
  3247 | Temple   | Fell from the grace of Zin
  3247 | Temple   | Became a worshipper of the Shining One
  3247 | Temple   | Reached * piety under the Shining One
  3642 | D:5      | Entered Level 5 of the Dungeon
  3679 | D:5      | Reached skill level 5 in Spellcasting
  3679 | D:5      | Reached XP level 6. HP: 28/32 MP: 7/15
  3790 | D:5      | Learned a level 3 spell: Stone Arrow
  3831 | D:5      | Reached skill level 5 in Stealth
  3948 | D:5      | Noticed a wyvern
  3991 | D:5      | Killed a wyvern
  3992 | D:5      | Reached skill level 5 in Dodging
  3992 | D:5      | Reached XP level 7. HP: 29/36 MP: 3/17
  4396 | D:5      | Found a basalt altar of Yredelemnul.
  4755 | D:5      | Reached XP level 8. HP: 41/41 MP: 11/20
  5004 | D:6      | HP: 1/41 [yak (14)]
  5004 | D:6      | Mangled by a yak

Illustrated notes

Levels and vault maps discovered:
D:1:      evilmike_arrival_rings, layout_basic, shapermc_ecumenical_altar_gd,
          kennysheep_boxes
D:2:      layout_loops_ring, nrook_uturn, dreamdust_princess_bridge,
          chequers_arboretum
D:3:      layout_rooms
D:4:      layout_cave_pools, nemelex_spade_bored_becter,
          minmay_temple_entry_gardened_gates
D:5:      layout_loops_ring, marbit_many_paths, uniq_crazy_yiuf_cottage
D:6:      layout_rooms, lemuel_doored_altar
Temple:   mainiacjoe_temple_coin_purse

Skill      XL: |  1  2  3  4  5  6  7  8 |
---------------+-------------------------+-----
Stealth        | 3 4 5 6 7 |  7.0
Dodging        | 3 4 5 6 |  6.4
Spellcasting   | 4 5 6 7 |  7.2
Conjurations   | 5 6 7 |  7.0

Action                   |  1- 3 |  4- 6 |  7- 9 || total
-------------------------+-------+-------+-------++-------
Melee: Dagger            |    14 |     6 |       ||    20
       Short sword       |       |     3 |       ||     3
 Cast: Magic Dart        |    56 |   118 |    43 ||   217
       Searing Ray       |       |     4 |     6 ||    10
       Dazzling Flash    |       |       |     1 ||     1
  Use: Scroll            |       |     1 |     1 ||     2
Armor: Robe              |     5 |     1 |     4 ||    10
Dodge: Dodged            |    14 |    28 |    21 ||    63

Table legend: (Time is in decaauts)
 A = Elapsed time spent in this place.
 B = Non-inter-level travel time spent in this place.
 C = Inter-level travel time spent in this place.
 D = Time resting spent in this place.
 E = Time spent auto-exploring this place.
 F = Levels seen in this place.
 G = Mean time per level.
                   A        B        C        D        E       F      G
               +--------+--------+--------+--------+--------+-----+--------+
         Total |   5004 |   5001 |      3 |    604 |   3535 |   7 |  714.9 |
       Dungeon |   4899 |   4899 |      0 |    604 |   3526 |   6 |  816.5 |
        Temple |    104 |    101 |      3 |      0 |      9 |   1 |  104.0 |
               +--------+--------+--------+--------+--------+-----+--------+

Top non-repeatable levels by time:
     D:5: 1248 daAuts
     D:2: 1200 daAuts
     D:1: 973 daAuts
     D:3: 768 daAuts
     D:4: 694 daAuts
  Temple: 104 daAuts
     D:6: 14 daAuts
